 Dungeon Sprint DCSS version 0.30-a0-29-g142975f185 (webtiles) character file.

Game seed: 1993305597314428077

172 jt the Unseen (level 5, -7/30 HPs)
             Began as a Kobold Brigand on Aug 25, 2022.
             Was an Initiate of Dithmenos.
             Killed from afar by an oklob sapling wizard (31 damage)
             ... with a splash of acid
             ... in the Dungeon (Sprint IV: "Fedhas' Mad Dash").
             The game lasted 00:00:56 (238 turns).

jt the Unseen (Kobold Brigand)                       Turns: 238, Time: 00:00:57

Health: -7/30      AC:  3    Str:  8    XL:     5   Next: 83%
Magic:  5/5        EV: 14    Int: 12    God:    Dithmenos [......]
Gold:   69         SH:  0    Dex: 19    Spells: 4/4 levels left

rFire   . . .      SeeInvis .    a - +2 dagger
rCold   . . .      Faith    .    (no shield)
rNeg    . . .      Spirit   .    b - +0 robe
rPois   .          Reflect  .    (no helmet)
rElec   .          Harm     .    c - +0 cloak
rCorr   .          Rampage  .    (no gloves)
Will    .....      NoTele   +    (no boots)
Stlth   +++++++...               m - amulet of invisibility {+Inv}
HPRegen 0.10/turn                (no ring)
MPRegen 0.09/turn                (no ring)

@: attractive
A: small, no large weapons, nightstalker 3
a: Renounce Religion, Evoke Invisibility


You were in the Dungeon.
You worshipped Dithmenos.
Dithmenos was noncommittal.
You visited 1 branch You collected 69 gold pieces.

Inventory:

Hand Weapons
 a - a +2 dagger (weapon)
Missiles
 d - 9 poisoned darts (quivered)
 e - 3 curare-tipped darts
Armour
 b - a +0 robe (worn)
 c - a +0 cloak (worn)
Jewellery
 m - the amulet of invisibility (around neck) {+Inv}
   (You found it in the Dungeon)

   [amulet of nothing]

   +Inv:      It lets you turn invisible.
Scrolls
 k - a scroll of blinking
Potions
 f - a potion of curing
 g - a potion of heal wounds
 h - a potion of haste
 i - 2 potions of magic


   Skills:
 - Level 2.1 Fighting
 - Level 2.6 Short Blades
 - Level 2.1 Throwing
 - Level 1.2 Dodging
 + Level 15.8 Stealth


You had 4 spell levels left.
You didn't know any spells.
Your spell library was empty.

Dungeon Overview and Level Annotations

Branches:
Dungeon (1/1)

Altars:
Cheibriados
Dithmenos
Elyvilon
Gozag
Hepliaklqana
Kikubaaqudgha
Makhleb
Nemelex Xobeh
Okawaru
Qazlal
Ru
Sif Muna
Trog
Uskayaw
Vehumet
Wu Jian
Xom
Yredelemnul
Zin
The Shining One
Jiyva
Lugonu

Annotations:
D exclusion: oklob sapling


Innate Abilities, Weirdness & Mutations

You are small and have problems with some larger weapons.
You are completely attuned to the shadows.


Message History

Found three altars.
Found two altars.
There is a hazy altar of Hepliaklqana here.
Found three altars.
The helpless oklob sapling priest fails to defend itself.
You spit the oklob sapling priest like a pig!!!!
You destroy the oklob sapling priest!
Your Stealth skill increases to level 15!
Found a corrupted altar of Lugonu and a radiant altar of Vehumet.
There is a shadowy altar of Dithmenos here.
You kneel at the altar of Dithmenos.
Dithmenos welcomes you!
You flicker for a moment.
There is a white marble altar of Elyvilon here.
There is a fountain of clear blue water here.
As you open the door, it creaks loudly!
An oklob sapling wizard comes into view.
You flicker back into view.
The oklob sapling wizard looks encouraged for a moment.
Marking area around an oklob sapling wizard as unsafe for travelling.
Found a viscous grey potion.
You close the door.
There is a stormy altar of Qazlal here.
Your library has no spells.
It was a potion of cancellation.
You feel magically purged.
Your magical contamination has completely faded away.
It was a potion of attraction.
You feel attractive to monsters.
You open the door.
Found 7 gold pieces.
The oklob sapling wizard stares at you and mumbles some strange words.
The magic dart hits you.
There is an open door here.
The oklob sapling wizard spits acid at you.
The splash of acid misses you.
You hit the oklob sapling wizard but do no damage.
The oklob sapling wizard spits acid at you.
The splash of acid hits you!!
Ouch! That really hurt!
You die...

###################
.#.⌠._._._._.⌠.#.$+
.'.._._._._._..'.P#
.#..._._._._...#@.#
##.._._._._._..#.!#
.#._._._._._.⌠.####
.############### ##


You could see an oklob sapling wizard.

Vanquished Creatures
  A scorpion (D)
  3 oklob saplings (D)
  A river rat (D)
  A rat (D)
6 creatures vanquished.

Notes
Turn   | Place    | Note
-------+----------+-------------------------------------------
     0 | D        | jt the Kobold Brigand began the quest for the Orb.
     0 | D        | Reached XP level 1. HP: 12/12 MP: 1/1
    16 | D        | Reached skill level 8 in Stealth
    16 | D        | Reached XP level 2. HP: 17/17 MP: 2/2
    25 | D        | Noticed an oklob sapling
    25 | D        | Noticed a scorpion
    34 | D        | Killed a scorpion
    35 | D        | Reached skill level 12 in Stealth
    35 | D        | Reached XP level 3. HP: 20/21 MP: 3/3
    35 | D        | Reached XP level 4. HP: 26/26 MP: 4/4
    38 | D        | Reached skill level 13 in Stealth
    40 | D        | Found the amulet of invisibility {+Inv}
   198 | D        | Reached skill level 14 in Stealth
   198 | D        | Reached XP level 5. HP: 30/30 MP: 5/5
   208 | D        | Found an opulent altar of Gozag.
   209 | D        | Found a burning altar of Makhleb.
   209 | D        | Found a sacrificial altar of Ru.
   209 | D        | Found an ornate altar of the Wu Jian Council.
   209 | D        | Found a shimmering altar of Xom.
   210 | D        | Found a hazy altar of Hepliaklqana.
   210 | D        | Found a shimmering blue altar of Sif Muna.
   211 | D        | Found a sparkling altar of Nemelex Xobeh.
   211 | D        | Found a snail-covered altar of Cheibriados.
   211 | D        | Found a basalt altar of Yredelemnul.
   212 | D        | Found a viscous altar of Jiyva.
   212 | D        | Found a bloodstained altar of Trog.
   213 | D        | Found an iron altar of Okawaru.
   213 | D        | Found a shadowy altar of Dithmenos.
   213 | D        | Found a glowing silver altar of Zin.
   214 | D        | Found an ancient bone altar of Kikubaaqudgha.
   214 | D        | Found a hide-covered altar of Uskayaw.
   215 | D        | Found a stormy altar of Qazlal.
   215 | D        | Found a white marble altar of Elyvilon.
   215 | D        | Found a glowing golden altar of the Shining One.
   217 | D        | Reached skill level 15 in Stealth
   217 | D        | Found a corrupted altar of Lugonu.
   217 | D        | Found a radiant altar of Vehumet.
   219 | D        | Became a worshipper of Dithmenos the Shadowed
   238 | D        | Killed from afar by an oklob sapling wizard

Illustrated notes

Levels and vault maps discovered:
D:        dungeon_sprint_fedhas [sprint_temple]

Skill      XL: |  1  2  3  4  5 |
---------------+----------------+-----
Stealth        | 8 12 14 15 | 15.8
Fighting       | |  2.1
Short Blades   | |  2.6
Throwing       | |  2.1
Dodging        | |  1.2

Action                   |  1- 3 |  4- 6 || total
-------------------------+-------+-------++-------
Melee: Dagger            |    18 |     5 ||    23
 Abil: Evoke Invisibilit |       |     1 ||     1
  Use: Potion            |     1 |     2 ||     3
 Stab: Sleeping          |       |     2 ||     2
Armor: Robe              |     2 |       ||     2
Dodge: Dodged            |     8 |     1 ||     9

Table legend: (Time is in decaauts)
 A = Elapsed time spent in this place.
 B = Non-inter-level travel time spent in this place.
 C = Inter-level travel time spent in this place.
 D = Time resting spent in this place.
 E = Time spent auto-exploring this place.
 F = Levels seen in this place.
 G = Mean time per level.
                   A        B        C        D        E       F      G
               +--------+--------+--------+--------+--------+-----+--------+
         Total |    245 |    245 |      0 |    141 |      0 |   1 |  245.0 |
       Dungeon |    245 |    245 |      0 |    141 |      0 |   1 |  245.0 |
               +--------+--------+--------+--------+--------+-----+--------+

Top non-repeatable levels by time:
       D: 245 daAuts
